 Dungeon Crawl Stone Soup version 0.29.0-5-ge4962eb29e (console) character file.

Game seed: 4085879421590599499

139517 jejorda2 the Protected (level 17, -1/93 HPs)
             Began as a Vine Stalker Berserker on Aug 28, 2022.
             Was a High Priest of Trog.
             Slain by a swamp worm (10 damage)
             ... called by a spriggan druid
             ... on level 2 of the Swamp on Aug 29, 2022.
             The game lasted 01:45:45 (26785 turns).

jejorda2 the Protected (Vine Stalker Berserker)    Turns: 26785, Time: 01:45:46

Health: -1/93      AC: 32    Str: 26    XL:     17   Next: 28%
Magic:  0/18       EV:  8    Int: 13    God:    Trog [*****.]
Gold:   2121       SH:  7    Dex: 20    Spells: 16/16 levels left

rFire   + . .      SeeInvis .   a - +3 dagger (speed)
rCold   + + +      Faith    .   U - +1 buckler {rC+}
rNeg    . . .      Spirit   +   A - +0 gold dragon scales
rPois   +          Reflect  .   o - +0 helmet
rElec   +          Harm     .   w - +2 cloak {rPois}
rCorr   .          Rampage  .   Q - +2 pair of gloves
Will    ++...                   t - +2 pair of boots
Stlth   ..........              R - amulet of regeneration
HPRegen 1.85/turn               i - ring of the Middle {rElec rC+ Int+6 Dex+4}
MPRegen 0.16/turn               n - ring of flight

@: mighty, silenced, flying
A: fangs 3, regeneration 1, magic shield, antimagic bite, no potion heal 2
a: Renounce Religion


You were on level 2 of the Swamp.
You worshipped Trog.
Trog was extremely pleased with you.
You visited 4 branches of the dungeon, and saw 24 of its levels.
You also visited: Gauntlet and Ice Cave.

You collected 3282 gold pieces.
You spent 1161 gold pieces at shops.

Inventory:

Hand Weapons
 a - a +3 dagger of speed (weapon)
 Z - a +2 short sword of speed
Missiles
 e - 25 boomerangs (quivered)
 m - 68 poisoned darts
 s - 2 atropa-tipped darts
 z - 151 stones
 E - 18 curare-tipped darts
 H - 7 javelins
 N - 5 throwing nets
 S - 6 datura-tipped darts
 X - 5 silver javelins
Armour
 o - a +0 helmet (worn)
 t - a +2 pair of boots (worn)
 w - a +2 cloak of poison resistance (worn)
 A - +0 gold dragon scales (worn)
 Q - a +2 pair of gloves (worn)
 U - a +1 buckler of cold resistance (worn)
Jewellery
 i - the ring of the Middle (left hand) {rElec rC+ Int+6 Dex+4}
   (You acquired it on level 12 of the Dungeon)

   [ring of intelligence]

   Int:       It affects your intelligence (+6).
   Dex:       It affects your dexterity (+4).
   rC:        It protects you from cold.
   rElec:     It insulates you from electricity.
 l - a ring of positive energy
 n - a ring of flight (right hand)
 q - a +4 ring of evasion
 D - a ring of see invisible
 P - the ring "Qaezoan" {rC+ rN+ AC+4 Dex-2}
   (You found it on level 8 of the Dungeon)

   [ring of protection]

   AC:        It affects your AC (+4).
   Dex:       It affects your dexterity (-2).
   rC:        It protects you from cold.
   rN:        It protects you from negative energy.
 R - an amulet of regeneration (around neck)
Wands
 b - a wand of roots (8)
 F - a wand of charming (8)
 G - a wand of acid (11)
 I - a wand of mindburst (21)
 J - a wand of flame (73)
 O - a wand of polymorph (9)
 Y - a wand of digging (10)
Scrolls
 c - 2 scrolls of immolation
 h - 2 scrolls of poison
 v - 2 scrolls of magic mapping
 y - 5 scrolls of teleportation
 B - a scroll of summoning
 W - a scroll of butterflies
Potions
 d - 4 potions of haste
 g - 14 potions of curing
 j - 5 potions of magic
 k - 16 potions of ambrosia
 p - 8 potions of attraction
 r - 2 potions of resistance
 u - 4 potions of mutation
 C - 4 potions of cancellation
 L - 3 potions of might
 V - 2 potions of invisibility
Miscellaneous
 f - a lightning rod (4/4)
 T - a condenser vane


   Skills:
 - Level 12.0 Fighting
 * Level 11.8 Short Blades
 - Level 12.0 Throwing
 + Level 14.8 Armour
 - Level 5.1 Dodging
 - Level 4.0 Stealth
 - Level 5.0 Shields
 - Level 6.0 Evocations


You had 16 spell levels left.
You didn't know any spells.
Your spell library was empty.

Dungeon Overview and Level Annotations

Branches:
Dungeon (15/15)            Temple (0/1) D:4            Lair (5/5) D:11
  Swamp (2/4) Lair:3       Spider (0/4) Lair:3        Slime (0/5) Lair:5
    Orc (2/2) D:11            Elf (0/3) Orc:2        Vaults (0/5) D:13
 Depths (0/4) D:15          IceCv (visited)         Gauntlet (visited)

Altars:
Elyvilon
Fedhas
Makhleb
Nemelex Xobeh
Okawaru
Qazlal
Ru
Sif Muna
Trog
Uskayaw
Wu Jian
Xom
Yredelemnul
The Shining One
Jiyva

Shops:
D:3 *   D:10 [:   Orc:2 !?(:

Annotations:
Lair:2 1 runed translucent door, Elebi's ghost, journeyman DrTm
Swamp:2 Nikola
Orc:1 3 runed translucent doors, jujuben's ghost, journeyman GrEE


Innate Abilities, Weirdness & Mutations

You have razor-sharp teeth.
Your natural rate of healing is unusually fast.
When hurt, damage is shared between your health and your magic reserves.
Your bite disrupts and absorbs the magic of your enemies.
Potions cannot restore your health.


Message History

Unknown command.
You puncture Nikola! Your bite misses Nikola.
Nikola is almost dead.
The anaconda grabs you.
The anaconda bites you but does no damage.
The anaconda constricts you.
The water moccasin bites you but does no damage.
An eight-headed hydra comes into view.
The spriggan druid gestures at you while chanting.
The stone arrow hits you!
* * * LOW HITPOINT WARNING * * *
A black mamba comes into view.
You closely miss Nikola.
Nikola is almost dead.
The swamp worm bites you but does no damage.
A six-headed hydra comes into view.
You puncture Nikola! Your bite misses Nikola.
Nikola is almost dead.
The anaconda bites you but does no damage.
The anaconda constricts you.
The moth of wrath goads the water moccasin on!
The water moccasin goes berserk!
You block Nikola's attack.
The water moccasin bites you but does no damage.
The anaconda's grasp on you weakens, but your attempt to escape fails.
The anaconda bites you but does no damage.
The anaconda constricts you.
The water moccasin completely misses you.
The swamp worm bites you but does no damage.
A bunyip comes into view.
You block Nikola's attack.
The spriggan druid points at you and mumbles some strange words.
The stone arrow hits you!!
* * * LOW HITPOINT WARNING * * *
The water moccasin bites you but does no damage.
The anaconda bites you but does no damage.
The anaconda constricts you.
You escape the anaconda's grasp.
The swamp worm attacks as you move away!
The swamp worm bites you!
You die...

...~ ~~.~♣ ~.S~~♣
..♣.♣.♣♣♣ ♣♣♣♣♣♣♣ ~
~♣~...~.♣♣♣..~♣~♣♣..
♣.D..~...~......~~<~
§♣~.S.~..~.......§♣♣.
......@S≈≈≈≈≈≈....~~♣
~...i≈≈@≈≈≈≈≈≈≈≈~.[~.
...≈≈≈SSw♣...♣≈≈≈≈..~
≈≈≈≈≈≈≈≈~....~~♣≈≈≈♣ ~
♣≈≈≈≈≈≈≈.y~.♣..≈≈≈♣ .~
♣♣♣~≈≈≈≈.♣≈≈....~♣♣..
.D~≈≈≈≈~.♣≈≈≈≈≈.....
♣♣≈.♣≈≈≈≈~.~≈≈≈..♣♣..
≈~...~....≈≈≈x≈≈≈♣♣..~
≈≈~♣♣....≈.≈≈≈≈≈≈≈♣♣.>.


You could see Nikola (magic disrupted), a bunyip, an eight-headed hydra, a
six-headed hydra, an anaconda, a moth of wrath, a spriggan druid, 2 black
mambas, a swamp worm (unsilenced) and 2 water moccasins.

Vanquished Creatures
  Jorgrun (D:13)
  A reaper (Gauntlet)
  Nessos (D:14)
  2 eleionomae (Swamp:1)
  A minotaur (Gauntlet)
  Josephine (D:12)
  The ghost of Dikli the Blocker, a journeyman MiBe of Trog (Lair:3)
  3 vault guards (D:13)
  5 boulder beetles
  A merfolk avatar (Lair:5)
  2 ogre magi
  6 centaur warriors
  Erica (Orc:1)
  10 hydras
  3 two-headed ogres
  4 alligators
  A tengu warrior (D:14)
  7 death yaks (Lair:5)
  A deep elf knight (D:14)
  Urug (D:12)
  A fire crab (Gauntlet)
  A sea snake (Lair:5)
  2 swamp dragons (Swamp:1)
  A spriggan druid (Swamp:2)
  3 bog bodies
  5 orc knights
  A lindwurm (Lair:4)
  A necromancer (Gauntlet)
  3 harpies (Lair:5)
  8 manticores
  A will-o-the-wisp (Swamp:1)
  2 ugly things
  7 cyclopes
  5 black mambas
  An elephant (Lair:5)
  An ice statue (IceCv)
  A minotaur zombie (Gauntlet)
  14 cane toads
  4 rime drakes
  2 gargoyles
  2 kobold demonologists
  A spriggan zombie (D:15)
  8 komodo dragons
  3 ice devils
  2 freezing wraiths
  A wolf spider simulacrum (D:13)
  A queen bee (D:11)
  6 trolls
  6 polar bears
  A tarantella (shapeshifter) (D:15)
  2 wind drakes (Lair:5)
  7 tyrant leeches
  4 hornets
  24 blink frogs
  8 slime creatures
  6 dream sheep (Lair:4)
  2 shadows
  A spriggan skeleton (D:15)
  3 centaur simulacra (D:13)
  2 water elementals (D:13)
  3 spriggans (Swamp:1)
  9 wyverns
  32 yaks
  4 wraiths (D:12)
  A vampire (D:11)
  3 fire bats (Gauntlet)
  3 basilisks
  4 steam dragons
  5 vampire mosquitoes
  Menkaure (D:4)
  4 death yak simulacra (IceCv)
  9 wargs
  7 water moccasins
  9 swamp worms
  A swamp drake (Swamp:1)
  3 acid dragons
  2 hydra simulacra (IceCv)
  A glowing shapeshifter skeleton (D:15)
  5 ice beasts
  6 black bears
  33 orc warriors
  A meliai simulacrum (D:13)
  2 sky beasts (D:7)
  12 ogres
  19 wolves
  10 centaurs
  2 phantoms
  13 kobold brigands
  3 necrophages
  The ghost of ShnitzelX2 the Sneak, an amateur FeDe of Kikubaaqudgha (D:7)
  19 bullfrogs
  A gnoll sergeant (D:10)
  A cane toad simulacrum (IceCv)
  A two-headed ogre simulacrum (IceCv)
  5 scorpions
  13 wights
  27 killer bees
  2 elephant simulacra (IceCv)
  3 howler monkeys
  2 electric eels (D:13)
  4 hounds
  A jelly (D:5)
  16 orc priests
  2 gnoll boudas
  12 orc wizards
  5 polar bear simulacra (IceCv)
  5 iguanas
  4 hell rats (Lair:4)
  4 troll simulacra (IceCv)
  3 spriggan simulacra (IceCv)
  Robin (D:4)
  6 adders
  23 gnolls
  7 naga simulacra (IceCv)
  2 shadow imps
  13 white imps
  8 ufetubi
  2 worms (D:4)
  3 dart slugs
  56 orcs
  7 endoplasms
  4 giant cockroaches
  14 goblins
  14 hobgoblins
  4 jackals
  5 quokkas
  6 ball pythons
  5 bats
  3 frilled lizards
  21 kobolds
  6 rats
755 creatures vanquished.

Vanquished Creatures (collateral kills)
  A vault guard (D:13)
  2 centaur warriors (D:13)
  A vampire mage (D:15)
  2 skeletal warriors (D:15)
  A storm dragon skeleton (D:15)
  A necromancer (D:15)
  A guardian serpent (shapeshifter) (D:15)
  A komodo dragon (Lair:2)
  A queen bee (Lair:3)
  2 blink frogs (Lair:2)
  A hornet (Lair:3)
  A vampire mosquito (D:13)
  4 wolves
  2 centaurs (D:13)
  A bullfrog (Lair:2)
  7 killer bees (Lair:3)
  An ufetubus (D:13)
30 creatures vanquished.

Vanquished Creatures (others)
  A komodo dragon (D:13)
  A bloated husk (Swamp:1)
  A swamp worm (Swamp:1)
  An ufetubus (IceCv)
  A kobold (D:11)
  20 demonic plants (Gauntlet)
  10 foxfires (Swamp:1)
  32 fungi
  38 plants
  4 withered plants (D:15)
109 creatures vanquished.

Grand Total: 894 creatures vanquished

Notes
Turn   | Place    | Note
-------+----------+-------------------------------------------
     0 | D:1      | jejorda2 the Vine Stalker Berserker began the quest for the
                  | Orb.
     0 | D:1      | Reached XP level 1. HP: 11/11 MP: 2/2
   357 | D:1      | Found a faded altar of an unknown god.
   546 | D:1      | Reached XP level 2. HP: 16/16 MP: 3/3
  1012 | D:1      | Reached XP level 3. HP: 20/20 MP: 2/4
  1582 | D:2      | Reached ** piety under Trog
  1818 | D:2      | Gained mutation: Your natural rate of healing is unusually
                  | fast. [Vine Stalker growth]
  1818 | D:2      | Reached XP level 4. HP: 15/24 MP: 3/5
  2853 | D:3      | Noticed a steam dragon
  2860 | D:3      | Killed a steam dragon
  2861 | D:3      | Reached skill level 5 in Short Blades
  2861 | D:3      | Reached XP level 5. HP: 28/29 MP: 3/6
  2861 | D:3      | Reached XP level 6. HP: 32/33 MP: 3/7
  2926 | D:3      | Found a hide-covered altar of Uskayaw.
  2926 | D:3      | Noticed a +0 spear
  2926 | D:3      | Noticed a +0 short sword
  2927 | D:3      | Noticed a +0 falchion
  2928 | D:3      | Noticed a +0 dagger
  2928 | D:3      | Noticed a +0 falchion
  2929 | D:3      | Noticed a +0 spear
  2929 | D:3      | Noticed a +0 dagger
  2930 | D:3      | Noticed a +0 short sword
  3003 | D:3      | Found a burning altar of Makhleb.
  3003 | D:3      | Found a sparkling altar of Nemelex Xobeh.
  3069 | D:3      | Found Jot Goet's Assorted Antiques.
  4018 | D:4      | Noticed Robin
  4035 | D:4      | Killed Robin
  4088 | D:4      | Found a staircase to the Ecumenical Temple.
  4231 | D:4      | Reached *** piety under Trog
  4241 | D:4      | Noticed Menkaure
  4249 | D:4      | Killed Menkaure
  4250 | D:4      | Reached XP level 7. HP: 38/38 MP: 6/8
  4603 | D:3      | Bought a glowing garnet ring for 125 gold pieces
  4636 | D:5      | Entered Level 5 of the Dungeon
  4817 | D:5      | Reached skill level 5 in Fighting
  4924 | D:5      | Found a sacrificial altar of Ru.
  4976 | D:5      | Gained mutation: You have razor-sharp teeth. [Vine Stalker
                  | growth]
  4976 | D:5      | Reached XP level 8. HP: 43/43 MP: 9/9
  6233 | D:6      | Reached XP level 9. HP: 33/48 MP: 10/10
  6779 | D:6      | Reached skill level 10 in Short Blades
  6794 | D:6      | Found the +1 Delatra's gloves {ID++}
  6878 | D:3      | Bought a tapered fluorescent wand for 100 gold pieces
  7021 | D:7      | Reached skill level 2 in Armour
  7144 | D:7      | Found a glowing golden altar of the Shining One.
  7281 | D:7      | Reached skill level 3 in Armour
  7522 | D:7      | Found an iron altar of Okawaru.
  7522 | D:7      | Found a bloodstained altar of Trog.
  7532 | D:7      | Reached XP level 10. HP: 53/53 MP: 11/11
  7603 | D:7      | Reached skill level 5 in Dodging
  7691 | D:7      | Reached skill level 4 in Armour
  7783 | D:7      | Found a runed translucent gate.
  7783 | D:7      | Found a runed translucent gate.
  7783 | D:7      | Noticed ShnitzelX2's ghost (amateur FeDe)
  7784 | D:7      | Found a runed translucent gate.
  7784 | D:7      | Noticed a kobold demonologist
  7868 | D:7      | Noticed a gargoyle
  7881 | D:7      | Killed a gargoyle
  8104 | D:7      | Killed a kobold demonologist
  8105 | D:7      | Reached skill level 5 in Armour
  8120 | D:7      | Killed ShnitzelX2's ghost
  8175 | D:7      | Reached skill level 6 in Armour
  8309 | D:8      | Found a shimmering blue altar of Sif Muna.
  8501 | D:8      | Reached **** piety under Trog
  8502 | D:8      | Reached skill level 1 in Shields
  8575 | D:8      | Found a basalt altar of Yredelemnul.
  8575 | D:8      | Found a blossoming altar of Fedhas.
  8613 | D:8      | Found a shimmering altar of Xom.
  8619 | D:8      | Found an ornate altar of the Wu Jian Council.
  8622 | D:8      | Found a stormy altar of Qazlal.
  8693 | D:8      | Identified the ring "Qaezoan" {rC+ rN+ AC+4 Dex-2}
  9353 | D:9      | Reached skill level 7 in Armour
  9487 | D:9      | Found a white marble altar of Elyvilon.
  9549 | D:10     | Entered Level 10 of the Dungeon
  9832 | D:10     | Reached XP level 11. HP: 52/56 MP: 10/12
 10086 | D:10     | Found Adioroum's Book Shop.
 10138 | D:10     | Noticed a two-headed ogre
 10150 | D:10     | Killed a two-headed ogre
 10151 | D:10     | Reached skill level 8 in Armour
 10151 | D:10     | Reached skill level 5 in Shields
 10232 | D:10     | Found Zuifaec's Superior Scales.
 10334 | D:10     | Reached skill level 1 in Evocations
 10595 | D:11     | Noticed a cyclops
 10602 | D:11     | Killed a cyclops
 11539 | D:11     | Found a staircase to the Lair.
 11644 | D:11     | Found a staircase to the Orcish Mines.
 11721 | D:11     | Noticed a cyclops
 11733 | D:11     | Killed a cyclops
 11948 | D:11     | Identified the +1 ring mail of Tauprom {Harm *Slow Str+3}
 12079 | D:12     | Noticed a boulder beetle
 12082 | D:12     | Reached skill level 5 in Evocations
 12229 | D:12     | Identified a scroll of acquirement
 12229 | D:12     | Acquired the ring of the Middle {rElec rC+ Int+6 Dex+4}
 12314 | D:12     | Reached XP level 12. HP: 63/63 MP: 13/13
 12369 | D:12     | Noticed Urug
 12385 | D:12     | Killed Urug
 12485 | D:12     | Killed a boulder beetle
 12702 | D:12     | Reached skill level 9 in Armour
 12726 | D:12     | Reached skill level 1 in Stealth
 12757 | D:12     | Noticed Josephine
 12778 | D:12     | Killed Josephine
 13083 | D:13     | Noticed Jorgrun
 13100 | D:13     | Killed Jorgrun
 13194 | D:13     | Found a gate to the Vaults.
 13194 | D:13     | Noticed a vault guard
 13194 | D:13     | Noticed a centaur warrior
 13194 | D:13     | Noticed a vault guard
 13194 | D:13     | Noticed a vault guard
 13194 | D:13     | Noticed a vault guard
 13194 | D:13     | Noticed a centaur warrior
 13203 | D:13     | Noticed a five-headed hydra
 13204 | D:13     | Killed a vault guard
 13212 | D:13     | Killed a vault guard
 13224 | D:13     | Killed a five-headed hydra
 13233 | D:13     | Killed a centaur warrior
 13234 | D:13     | Reached skill level 10 in Armour
 13240 | D:13     | Killed a centaur warrior
 13260 | D:13     | Noticed a centaur warrior
 13262 | D:13     | Noticed a boulder beetle
 13282 | D:13     | Killed a centaur warrior
 13294 | D:13     | Killed a boulder beetle
 13295 | D:13     | Reached XP level 13. HP: 70/70 MP: 14/14
 13365 | D:13     | Found a frozen archway.
 13410 | IceCv    | Entered an ice cave
 13560 | IceCv    | Reached skill level 1 in Throwing
 13776 | IceCv    | Reached ***** piety under Trog
 14424 | D:13     | Reached skill level 10 in Fighting
 14560 | D:13     | Received a gift from Trog
 14733 | D:13     | Killed a vault guard
 14759 | D:13     | Reached skill level 11 in Armour
 14898 | D:13     | Found a bloodstained altar of Trog.
 15114 | D:13     | Killed a vault guard
 15115 | D:13     | Reached skill level 5 in Throwing
 15419 | Lair:1   | Entered Level 1 of the Lair of Beasts
 16839 | Lair:2   | Noticed Elebi's ghost (journeyman DrTm)
 16839 | Lair:2   | Found a runed translucent door.
 16839 | Lair:2   | Found a shimmering altar of Xom.
 16851 | Lair:2   | Reached XP level 14. HP: 77/77 MP: 15/15
 16899 | Lair:2   | Found a gate leading to a gauntlet.
 17017 | Gauntlet | Entered a Gauntlet
 17017 | Gauntlet | Found a transporter.
 17017 | Gauntlet | Found a transporter.
 17018 | Gauntlet | Found a transporter.
 17018 | Gauntlet | Found a transporter.
 17021 | Gauntlet | Found a transporter.
 17021 | Gauntlet | Found a transporter.
 17035 | Gauntlet | Found a transporter.
 17037 | Gauntlet | Found a transporter.
 17040 | Gauntlet | Noticed a reaper
 17050 | Gauntlet | Found a transporter.
 17051 | Gauntlet | Found a transporter.
 17069 | Gauntlet | Found a transporter.
 17073 | Gauntlet | Found a transporter.
 17360 | Gauntlet | Killed a reaper
 17365 | Gauntlet | Identified the +2 pair of boots of Broken Taboos {Harm rF+}
 18252 | Lair:3   | Noticed Dikli's ghost (journeyman MiBe)
 18259 | Lair:3   | Found a transporter.
 18263 | Lair:3   | Found a transporter.
 18298 | Lair:3   | Killed Dikli's ghost
 18380 | Lair:3   | Found a hole to the Spider Nest.
 18639 | Lair:2   | Reached skill level 12 in Armour
 18709 | Lair:3   | Found a staircase to the Swamp.
 18796 | Lair:3   | You fall into a shaft and drop 2 floors!
 18796 | Lair:5   | Entered Level 5 of the Lair of Beasts
 19798 | Lair:4   | Found a hide-covered altar of Uskayaw.
 20222 | Lair:5   | Found a viscous altar of Jiyva.
 20224 | Lair:5   | Found a staircase to the Slime Pits.
 20402 | Lair:5   | Reached XP level 15. HP: 84/84 MP: 16/16
 20549 | Lair:5   | Reached skill level 10 in Throwing
 20624 | Lair:5   | HP: 2/84 [drowned by a drowned soul[a merfolk avatar] (13)]
 20669 | Lair:5   | Reached XP level 16. HP: 83/88 MP: 17/17
 21731 | D:14     | Noticed Nessos
 21764 | D:14     | Killed Nessos
 21765 | D:14     | Reached skill level 13 in Armour
 21818 | D:14     | Found the +7 great mace "Firestarter" {inner flame, rF++}
 22610 | D:14     | Identified the +9 quarterstaff of Karma {vorpal, rElec
                  | rC++}
 22649 | D:15     | Entered Level 15 of the Dungeon
 22649 | D:15     | Found a staircase to the Depths.
 22750 | D:15     | Reached skill level 14 in Armour
 23616 | Orc:1    | Entered Level 1 of the Orcish Mines
 23710 | Orc:1    | Found a runed translucent gate.
 23710 | Orc:1    | Found a runed translucent gate.
 23710 | Orc:1    | Found a runed translucent gate.
 23757 | Orc:1    | Noticed jujuben's ghost (journeyman GrEE)
 23864 | Orc:1    | Noticed Erica
 23882 | Orc:1    | Killed Erica
 24393 | Orc:2    | Entered Level 2 of the Orcish Mines
 24886 | Orc:2    | Reached XP level 17. HP: 93/93 MP: 18/18
 24899 | Orc:2    | Received a gift from Trog
 25221 | Orc:2    | Found a staircase to the Elven Halls.
 25599 | Orc:2    | Found Fuoseuty's Antique Weapon Shoppe.
 25599 | Orc:2    | Found Matiti's Magic Scroll Shop.
 25601 | Orc:2    | Found Beillua's Distillery.
 25603 | Orc:2    | Found Avewum's Book Emporium.
 25618 | Orc:2    | Bought a scroll of acquirement for 936 gold pieces
 25620 | Orc:2    | Acquired 957 gold pieces
 25746 | Swamp:1  | Entered Level 1 of the Swamp
 26754 | Swamp:2  | Noticed Nikola
 26785 | Swamp:2  | Slain by a swamp worm

Illustrated notes

Levels and vault maps discovered:
D:1:      minmay_arrival_four_houses, layout_loops_cross,
          hellmonk_ecumenical_altar_leap_of_faith
D:2:      layout_basic, minmay_misc_feat_cross
D:3:      layout_loops_ring, nicolae_uskayaw_en_pointe,
          gammafunk_temple_overflow_wave, serial_shops, nicolae_shop_trees
D:4:      layout_cave_pods, minmay_temple_entry_water_ring, serial_bayou,
          serial_bayou_shore_b, serial_bayou_pond_c, serial_bayou_pond_d,
          serial_bayou_lagoon_a, eino_curves_03, item_on_display_a,
          uniq_menkaure, uniq_robin
D:5:      layout_loops_ring, mainiacjoe_overflow_24_doors
D:6:      layout_basic, minmay_checkerbox
D:7:      layout_loops_cross, grunt_temple_overflow_bloody_war, tso_metal_star,
          gammafunk_ghost_nasty_kobolds
D:8:      layout_basic, nicolae_overflow_hidden_temple, minitemple
D:9:      layout_roguey, nicolae_elyvilon_temple_path
D:10:     layout_basic, serial_shops, nicolae_shop_stone,
          hangedman_decor_points, grunt_ministairs_13, hellmonk_scale_shop
D:11:     layout_basic, erik_lair_orcish_takeover, orc_0_dummy, special_room
          [special_room_bee], nzn_life_drinkers
D:12:     old_forge, layout_basic, hangedman_abyss_or_decor_stabs,
          nicolae_figureground_pulse, uniq_nergalle, uniq_urug, uniq_josephine
D:13:     layout_stronghold, lightli_vaults_fourway_checkpoint, serial_ice,
          serial_ice_j, serial_ice_h, serial_ice_o, serial_ice_f, serial_ice_e,
          serial_ice_a, serial_ice_b, serial_ice_c, serial_ice_d, serial_ice_m,
          portal_ice_cave_demonic_guard, trog_ov_bears_minmay, uniq_jorgrun
D:14:     minmay_opposing_rooms, layout_stronghold, minmay_misc_feat_alley,
          minmay_librarian, uniq_nessos
D:15:     gammafunk_depths_entry_grave, layout_stronghold, minivault_25
Lair:1:   layout_layer_cave
Lair:2:   layout_loops_ring, ebering_ghost_xom, gauntlet_entry_generic,
          beast_lair_carwin_9
Lair:3:   layout_cave_shapes, minmay_swamp_entry_worms,
          spider_nest_entry_web_field, gammafunk_ghost_hive, beast_lair_carwin_3
Lair:4:   gammafunk_indiana_jones, layout_loops_ring, basic_altar,
          grunt_megastairs_2
Lair:5:   gammafunk_lair_ancient_temple, layout_gridlike,
          dpeg_slime_entry_corner
Swamp:1:  layout_falls_marsh, nicolae_swamp_small_spring
Swamp:2:  nicolae_swamp_tree_isthmus, layout_basic_swamp,
          gammafunk_ghost_wrathful_warriors, evilmike_swamp_ruin_house_3,
          nicolae_swamp_snake_nest, uniq_nikola
Orc:1:    layout_diamond_mine, gammafunk_ghost_necromancy, mines2_lemuel,
          uniq_erica
Orc:2:    st_orc_rangers, layout_caves

Skill      XL: |  1  2  3  4  5  6  7  8  9 10 11 12 13 14 15 16 17 |
---------------+----------------------------------------------------+-----
Short Blades   | 3 4 5 7 9 10 11 | 11.8
Fighting       | 3 4 5 6 7 9 10 11 12 | 12.0
Dodging        | 4 5 |  5.1
Armour         | 3 7 8 10 11 12 14 | 14.8
Shields        | 3 5 |  5.0
Evocations     | 5 6 |  6.0
Stealth        | 4 |  4.0
Throwing       | 6 9 11 12 | 12.0

Action                   |  1- 3 |  4- 6 |  7- 9 | 10-12 | 13-15 | 16-18 || total
-------------------------+-------+-------+-------+-------+-------+-------++-------
Melee: Short sword       |    17 |       |       |       |       |       ||    17
       Bite              |    28 |    41 |   138 |   425 |   848 |   684 ||  2164
       Dagger            |   102 |   173 |   409 |  1213 |  1898 |  1458 ||  5253
       Punch             |     1 |     3 |    13 |     4 |       |       ||    21
Throw: Stone             |    12 |     7 |       |     5 |    38 |     4 ||    66
       Boomerang         |       |       |       |     2 |       |    41 ||    43
       Dart              |       |       |       |     8 |       |     6 ||    14
Invok: Berserk           |     2 |     5 |     9 |    18 |    13 |    10 ||    57
       Trog's Hand       |       |       |     2 |     7 |     7 |     3 ||    19
       Brothers in Arms  |       |       |       |     1 |     5 |     1 ||     7
Evoke: Wand              |       |       |       |       |     2 |       ||     2
       Condenser vane    |       |       |       |       |     1 |       ||     1
  Use: Scroll            |       |     6 |     5 |    14 |    14 |     3 ||    42
       Potion            |       |       |       |       |     3 |     1 ||     4
 Stab: Sleeping          |     1 |       |       |       |       |       ||     1
Armor: Animal skin       |    13 |       |       |       |       |       ||    13
       Leather armour    |     7 |       |    65 |     8 |       |       ||    80
       Ring mail         |     5 |     6 |       |       |       |       ||    11
       Chain mail        |       |    61 |    14 |       |       |       ||    75
       Gold dragon scale |       |       |       |   446 |   731 |   561 ||  1738
Dodge: Dodged            |    67 |    71 |   226 |   303 |   418 |   214 ||  1299
Block: Buckler           |       |       |       |   133 |   300 |   227 ||   660
